 Dungeon Crawl Stone Soup version 0.27-b1-16-g6517624069 (webtiles) character file.

Game seed: 6726180646390497770

24450 ZARRMARR the Cruncher (level 12, -4/112 HPs)
             Began as a Minotaur Abyssal Knight on July 27, 2021.
             Was a High Priest of Lugonu.
             Slain by a death yak (25 damage)
             ... in an ice cave.
             The game lasted 02:17:42 (12390 turns).

ZARRMARR the Cruncher (Minotaur Abyssal Knight)    Turns: 12390, Time: 02:17:42

Health: -4/112     AC: 21    Str: 19    XL:     12   Next: 80%
Magic:  14/14      EV: 17    Int:  9    God:    Lugonu [*****.]
Gold:   1070       SH:  0    Dex: 19    Spells: 11/11 levels left

rFire    . . .     SeeInvis .   s - +7 quarterstaff (chaos)
rCold    . . .     Faith    .   (shield currently unavailable)
rNeg     . . .     Spirit   .   n - +4 troll leather armour {Purgy}
rPois    +         Reflect  .   R - +2 hat
rElec    .         Harm     .   p - +2 cloak {rPois}
rCorr    .         Rampage  .   U - +1 pair of gloves
Will     .....                  o - +0 pair of boots
Stlth    +++.......             g - amulet of regeneration
HPRegen  2.28/turn              l - +6 ring of dexterity
MPRegen  0.14/turn              w - +4 ring of protection

@: no status effects
A: horns 2, retaliatory headbutt
a: Renounce Religion, Depart the Abyss, Bend Space, Banish, Corrupt, Enter the
Abyss


You were in an ice cave.
You worshipped Lugonu.
Lugonu was extremely pleased with you.
You visited 2 branches of the dungeon, and saw 13 of its levels.
You visited the Abyss 1 time.
You also visited: Ice Cave.

You collected 1220 gold pieces.
You spent 150 gold pieces at shops.

Inventory:

Hand Weapons
 a - a +0 hunting sling
 s - a +7 quarterstaff of chaos (weapon)
 D - a +3 shortbow
Missiles
 q - 130 sling bullets
 E - 2 throwing nets (quivered)
 H - a javelin
 N - a curare-tipped dart
 O - 137 arrows
Armour
 n - a +4 troll leather armour (worn) {Purgy}
 o - a +0 pair of boots (worn)
 p - a +2 cloak of poison resistance (worn)
 I - +0 steam dragon scales
 J - +0 acid dragon scales
 R - a +2 hat (worn)
 U - a +1 pair of gloves (worn)
 V - a +0 kite shield
Jewellery
 g - an amulet of regeneration (around neck)
 l - a +6 ring of dexterity (left hand)
 w - a +4 ring of protection (right hand)
 G - a ring of fire
 L - a ring of fire
 S - a ring of wizardry
Wands
 f - a wand of polymorph (7)
 y - a wand of iceblast (15)
 A - a wand of acid (12)
 K - a wand of mindburst (9)
 M - a wand of paralysis (12)
Scrolls
 b - 2 scrolls of silence
 c - 4 scrolls of immolation
 h - a scroll of amnesia
 t - 2 scrolls of blinking
 u - a scroll of teleportation
 z - a scroll of fog
Potions
 d - 2 potions of heal wounds
 e - 2 potions of flight {unknown}
 i - 3 potions of haste {unknown}
 k - 4 potions of curing
 r - a potion of resistance {unknown}
 v - 2 potions of brilliance {unknown}
 x - 4 potions of lignification
 B - a potion of berserk rage {unknown}
 F - 2 potions of might {unknown}
 P - a potion of attraction {unknown}
 T - 6 potions of ambrosia
Miscellaneous
 Q - a condenser vane (inert)


   Skills:
 + Level 11.8 Fighting
 + Level 6.1(10.8) Maces & Flails
 - Level 13.5(14.0) Staves
 + Level 6.7(8.9) Slings
 + Level 8.1(9.1) Throwing
 + Level 6.2 Armour
 + Level 8.3 Dodging
 + Level 4.3 Stealth
 + Level 4.4 Invocations
 + Level 1.1 Evocations


You had 11 spell levels left.
You didn't know any spells.
Your spell library contained the following spells:

 Spells                   Type           Power      Damage    Failure   Level
 Pain                     Necr           0%         1d4       43%         1
 Static Discharge         Conj/Air       0%         N/A       56%         2
 Sublimation of Blood     Necr           0%         N/A       56%         2
 Wereblood                Tmut           0%         N/A       56%         2
 Frozen Ramparts          Ice            0%         1d2       80%         3
 Animate Armour           Summ/Erth      0%         N/A       99%         4
 Hailstorm                Conj/Ice       0%         3d3       99%         4
 Ice Form                 Ice/Tmut       0%         N/A       99%         4
 Summon Ice Beast         Ice/Summ       0%         N/A       99%         4
 Agony                    Necr           0%         N/A       100%        5
 Blade Hands              Tmut           0%         N/A       100%        5
 Excruciating Wounds      Necr           0%         N/A       100%        5
 Fireball                 Conj/Fire      0%         3d3       100%        5
 Lightning Bolt           Conj/Air       0%         1d11      100%        5
 Summon Forest            Summ/Tloc      0%         N/A       100%        5
 Summon Mana Viper        Hex/Summ       0%         N/A       100%        5
 Iron Shot                Conj/Erth      0%         9d1       100%        6
 Shadow Creatures         Summ           N/A        N/A       100%        6
 Simulacrum               Ice/Necr       0%         N/A       100%        6
 Starburst                Conj/Fire      0%         8x6d3     100%        6
 Summon Hydra             Summ           0%         N/A       100%        7
 Ignition                 Fire           0%         3d3       100%        8
 Maxwell's Capacitive Co  Air            0%         ∞         100%        8


Dungeon Overview and Level Annotations

Branches:
Dungeon (10/15)            Temple (0/1) D:7            Lair (3/6) D:10
 Spider (0/4) Lair:3        IceCv (1/1)
  Swamp: Lair:2-4    Shoals: Lair:2-4       Orc: D:9-12

Altars:
Cheibriados
Dithmenos
Elyvilon
Kikubaaqudgha
Makhleb
Ru
Sif Muna
Trog
Xom
The Shining One
Beogh

Shops:
D:2 (   D:5 [(*   D:10 =


Innate Abilities, Weirdness & Mutations

You have a pair of horns on your head.
You reflexively headbutt those who attack you in melee.


Message History

You thump the death yak!
The death yak goes berserk!
You headbutt the death yak.
The death yak is moderately wounded.
The death yak gores you!
You hit the death yak but do no damage.
The death yak is moderately wounded.
The death yak gores you!
You hit the death yak. You burn the death yak. You headbutt the death yak!
The death yak is heavily wounded.
The death yak rages.
The death yak gores you!!
You feel much better.
The death yak rages.
The death yak gores you!! The death yak completely misses you.
You feel much better. The death yak gores you!!
You barely miss the death yak.
The death yak is moderately wounded.
The death yak misses you. You furiously retaliate!
You headbutt the death yak, but do no damage.
You thump the death yak!
Lightning courses through the death yak!!
The death yak is severely wounded.
The death yak misses you. You furiously retaliate!
You headbutt the death yak, but do no damage.
You hit the death yak. You freeze the death yak.
You headbutt the death yak, but do no damage.
The death yak is severely wounded.
The death yak gores you!!
You feel much better.
The death yak looks more healthy.
The death yak gores you!
You feel much better. The death yak gores you!!
The death yak snorts and paws the ground.
The death yak gores you but does no damage.
You hit the death yak. You freeze the death yak.
You headbutt the death yak, but do no damage.
The death yak is almost dead.
The death yak gores you!!
* * * LOW HITPOINT WARNING * * *
You fail to use your ability.
The death yak gores you!!
You die...

.## .# ###
#.# .# #.##
..# .###..#
..#
###...##
#..
##.....##
YY
##......##
Y#
.....##..#
##Y#
.....###.##
#@(# ....##
#..# ##.##
....# ##.#
#..# ...##
#..## ##..#
...# ##††#
#†.## ..##
#..###..#
###
#..##..##
##..#..#
##...##


You could see 4 death yaks.

Vanquished Creatures
  Harold (D:7)
  A hydra (Lair:1)
  5 two-headed ogres
  Nergalle (D:10)
  A fire crab (shapeshifter) (D:9)
  2 ugly things
  A centaur zombie (D:10)
  Joseph (D:7)
  An ice statue (IceCv)
  8 cane toads
  3 rime drakes (IceCv)
  A kobold demonologist (D:9)
  A komodo dragon (Lair:2)
  A troll (D:9)
  A queen bee (Lair:1)
  4 blink frogs (Lair:2)
  4 polar bears (IceCv)
  Sigmund (D:3)
  3 wraiths
  6 wyverns
  2 basilisks
  9 yaks
  2 steam dragons
  5 vampire mosquitoes (D:10)
  Menkaure (D:7)
  A swamp worm (shapeshifter) (IceCv)
  An acid dragon (D:8)
  11 water moccasins
  3 ice beasts
  2 black bears
  5 orc warriors
  Purgy (D:3)
  2 sky beasts (D:7)
  A necrophage (D:4)
  11 wolves
  A boggart (D:9)
  4 ogres
  3 centaurs (D:9)
  2 kobold brigands (D:9)
  6 bullfrogs
  A cane toad simulacrum (Lair:3)
  2 scorpions
  A water moccasin skeleton (D:4)
  3 wights (D:7)
  37 killer bees
  2 howler monkeys
  A bullfrog zombie (D:5)
  2 hounds (D:5)
  Crazy Yiuf (D:2)
  3 orc priests (D:7)
  3 centaur skeletons
  An iguana (D:10)
  Jessica (D:2)
  Natasha (thrice) (D:2)
  6 orc wizards
  A hound skeleton (D:4)
  2 howler monkey zombies
  6 gnolls
  A river rat (D:6)
  7 adders
  2 white imps
  An ufetubus (D:5)
  A worm (D:9)
  3 dart slugs
  28 orcs
  7 ball pythons
  6 bats
  2 endoplasms
  6 giant cockroaches
  7 goblins
  4 hobgoblins
  11 jackals
  10 kobolds
  2 quokkas
  2 frilled lizards (D:1)
  2 rats (D:2)
298 creatures vanquished.

Vanquished Creatures (collateral kills)
  A jelly (D:5)
1 creature vanquished.

Vanquished Creatures (others)
  A wyvern (D:9)
  A kobold brigand (D:9)
  2 orc wizards
  5 fungi (Lair:2)
  29 plants
38 creatures vanquished.

Grand Total: 337 creatures vanquished

Notes
Turn   | Place    | Note
-------+----------+-------------------------------------------
     0 | Abyss:1  | ZARRMARR the Minotaur Abyssal Knight began the quest for
                  | the Orb.
     0 | Abyss:1  | Reached XP level 1. HP: 19/19 MP: 1/1
    92 | Abyss:1  | Noticed a blink frog
    92 | Abyss:1  | Noticed a blink frog
    92 | Abyss:1  | Noticed a blink frog
    93 | D:1      | Escaped the Abyss
   129 | D:1      | Reached * piety under Lugonu
   211 | D:1      | Reached XP level 2. HP: 24/27 MP: 2/2
   998 | D:2      | Noticed Jessica
  1002 | D:2      | Killed Jessica
  1003 | D:2      | Reached XP level 3. HP: 31/34 MP: 3/3
  1379 | D:2      | Reached XP level 4. HP: 41/41 MP: 4/4
  1631 | D:2      | Reached ** piety under Lugonu
  1673 | D:2      | Noticed Natasha
  1680 | D:2      | Killed Natasha
  1744 | D:2      | Found Osisei's Weapon Boutique.
  1764 | D:2      | Noticed Natasha
  1772 | D:2      | Killed Natasha
  1773 | D:2      | Reached XP level 5. HP: 46/47 MP: 5/5
  1833 | D:2      | Noticed Natasha
  1838 | D:2      | Killed Natasha
  1839 | D:2      | Reached skill level 5 in Fighting
  1839 | D:2      | Reached skill level 1 in Slings
  2292 | D:2      | Found a runed translucent door.
  2295 | D:2      | Noticed Crazy Yiuf
  2436 | D:3      | Noticed a black bear
  2612 | D:3      | Killed a black bear
  2613 | D:3      | Reached XP level 6. HP: 44/56 MP: 6/6
  3047 | D:3      | Found a faded altar of an unknown god.
  3129 | D:3      | Reached skill level 5 in Maces & Flails
  3372 | D:3      | Noticed Purgy
  3390 | D:3      | Killed Purgy
  3618 | D:3      | Noticed Sigmund
  3630 | D:3      | Killed Sigmund
  3631 | D:3      | Reached skill level 5 in Armour
  3631 | D:3      | Reached XP level 7. HP: 13/61 MP: 7/7
  3926 | D:2      | Killed Crazy Yiuf
  4117 | D:4      | Reached skill level 1 in Staves
  4736 | D:4      | Reached skill level 1 in Stealth
  4897 | D:4      | Found a bloodstained altar of Trog.
  4899 | D:4      | Found a burning altar of Makhleb.
  4899 | D:4      | Found a shimmering altar of Xom.
  4901 | D:4      | Found an ancient bone altar of Kikubaaqudgha.
  4901 | D:4      | Found a shimmering blue altar of Sif Muna.
  4901 | D:4      | Found a burning altar of Makhleb.
  5027 | D:4      | Found a glowing golden altar of the Shining One.
  5067 | D:5      | Entered Level 5 of the Dungeon
  5070 | D:5      | Reached skill level 2 in Staves
  5133 | D:5      | Reached skill level 3 in Staves
  5133 | D:5      | Reached XP level 8. HP: 35/70 MP: 7/9
  5266 | D:5      | Found Fousiat's Antique Weapon Boutique.
  5483 | D:5      | Found Myliq's Assorted Antiques.
  5513 | D:5      | Bought a scroll of enchant weapon for 150 gold pieces
  5631 | D:5      | Found Takhlaw's Armour Boutique.
  5951 | D:6      | Reached skill level 4 in Staves
  6104 | D:6      | Reached skill level 5 in Slings
  6327 | D:6      | Reached skill level 5 in Staves
  6525 | D:7      | Noticed Menkaure
  6530 | D:7      | Killed Menkaure
  6569 | D:7      | Reached *** piety under Lugonu
  6595 | D:7      | Reached XP level 9. HP: 70/77 MP: 10/10
  6600 | D:7      | Reached skill level 6 in Staves
  6629 | D:7      | Noticed Joseph
  6644 | D:7      | Killed Joseph
  6686 | D:7      | Found a staircase to the Ecumenical Temple.
  6791 | D:7      | Reached skill level 7 in Staves
  7026 | D:7      | Noticed Harold
  7035 | D:7      | Killed Harold
  7035 | D:7      | Reached **** piety under Lugonu
  7036 | D:7      | Reached skill level 8 in Staves
  7156 | D:8      | Noticed a purple ugly thing
  7165 | D:8      | Killed a purple ugly thing
  7166 | D:8      | Reached skill level 9 in Staves
  7166 | D:8      | Reached XP level 10. HP: 88/88 MP: 11/11
  7304 | D:8      | Noticed a two-headed ogre
  7317 | D:8      | Killed a two-headed ogre
  7384 | D:8      | Noticed a two-headed ogre
  7389 | D:8      | Killed a two-headed ogre
  7390 | D:8      | Reached skill level 10 in Staves
  7830 | D:8      | Found a sacrificial altar of Ru.
  7830 | D:8      | Found a bloodstained altar of Trog.
  8089 | D:9      | Found a snail-covered altar of Cheibriados.
  8340 | D:9      | Noticed a two-headed ogre
  8351 | D:9      | Killed a two-headed ogre
  8352 | D:9      | Reached skill level 5 in Throwing
  8405 | D:9      | Reached XP level 11. HP: 86/97 MP: 12/12
  8430 | D:9      | Noticed a glowing shapeshifter
  8430 | D:9      | a killer bee changed into a glowing shapeshifter
  8430 | D:9      | a glowing shapeshifter changed into a guardian serpent
  8445 | D:9      | Reached skill level 11 in Staves
  8448 | D:9      | Noticed a fire crab
  8448 | D:9      | a polar bear changed into a fire crab
  8458 | D:9      | Killed a fire crab
  8512 | D:9      | Noticed a two-headed ogre
  8520 | D:9      | Killed a two-headed ogre
  8551 | D:9      | Noticed a two-headed ogre
  8566 | D:9      | Killed a two-headed ogre
  8567 | D:9      | Reached skill level 5 in Dodging
  8769 | D:9      | Reached skill level 12 in Staves
  8866 | D:10     | Entered Level 10 of the Dungeon
  8946 | D:10     | Reached ***** piety under Lugonu
  8951 | D:10     | Found a staircase to the Lair.
  9184 | D:10     | Found a shadowy altar of Dithmenos.
  9246 | D:10     | Reached skill level 13 in Staves
  9274 | D:10     | Found Kaivinag's Jewellery Boutique.
  9455 | D:10     | Noticed Nergalle
  9474 | D:10     | Noticed a spectral orc warlord
  9476 | D:10     | Killed Nergalle
  9477 | D:10     | Reached skill level 10 in Fighting
  9646 | Lair:1   | Entered Level 1 of the Lair of Beasts
  9654 | Lair:1   | Found a white marble altar of Elyvilon.
  9702 | Lair:1   | Noticed a six-headed hydra
  9712 | Lair:1   | Killed a six-headed hydra
  9797 | Lair:1   | Reached XP level 12. HP: 107/107 MP: 13/13
 11792 | Lair:3   | Found a frozen archway.
 11811 | IceCv    | Entered an ice cave
 11846 | IceCv    | Noticed a death yak
 11866 | IceCv    | a death yak changed into a glowing shapeshifter
 12253 | IceCv    | Reached skill level 1 in Evocations
 12363 | IceCv    | Noticed a death yak
 12363 | IceCv    | Noticed a death yak
 12364 | IceCv    | Noticed a death yak
 12365 | IceCv    | Noticed a death yak
 12390 | IceCv    | Slain by a death yak

Illustrated notes

Levels and vault maps discovered:
D:1:      sevenhm_arrival_forest_fort_small_6, layout_basic
D:2:      layout_basic, serial_shops, shop, minmay_misc_feat_four_crosses,
          uniq_crazy_yiuf_cottage, uniq_natasha, uniq_jessica
D:3:      layout_loops_ring, hellmonk_ecumenical_altar_defaced_shrine,
          kennysheep_generic_room_15, uniq_purgy, uniq_sigmund
D:4:      layout_loops_corners, kennysheep_mini, doesnt_xom_only_xom,
          lightli_corner_chamber
D:5:      layout_basic, serial_shops, nicolae_shop_competitors_out_of_business,
          shop_statue, nicolae_shop_crystal, st_stairs_1, kennysheep_path_1,
          minivault_4
D:6:      layout_basic, serial_corexii_hall, corexii_hall_statues_s,
          corexii_hall_statues_i
D:7:      layout_rooms, minmay_temple_entry_arrows, uniq_harold, uniq_joseph,
          uniq_menkaure
D:8:      layout_basic, gammafunk_temple_overflow_pools, minmay_crossroads
D:9:      minmay_polygon_palace, layout_rooms, slow_altar_2
D:10:     layout_basic, grunt_dithmenos_smoke, minmay_lair_entry_grove,
          serial_shops, shop, uniq_nergalle
Lair:1:   layout_small_grid, special_room [special_room_bee], basic_altar,
          nzn_random_ring, grunt_megastairs_1
Lair:2:   layout_gridlike, wad_woods_road_05, serial_bayou_shore_b
Lair:3:   layout_regular_city, dummy_spider_entry,
          portal_ice_cave_entry_ice_simulacra, nicolae_quartered_pool_super,
          lemuel_fruit_tree
IceCv:    ice_cave_small_giant

Skill      XL: |  1  2  3  4  5  6  7  8  9 10 11 12 |
---------------+-------------------------------------+-----
Invocations    | 2 4 |  4.4
Fighting       | 4 5 6 8 9 10 11 | 11.8
Maces & Flails | 3 4 5 6 |  6.1
Armour         | 3 4 5 6 |  6.2
Slings         | 2 3 5 6 |  6.7
Staves         | 3 5 9 10 13 | 13.5
Stealth        | 1 2 3 4 |  4.3
Dodging        | 2 3 4 5 8 |  8.3
Throwing       | 2 5 6 8 |  8.1
Evocations     | 1 |  1.1

Action                   |  1- 3 |  4- 6 |  7- 9 | 10-12 || total
-------------------------+-------+-------+-------+-------++-------
Melee: Mace              |    60 |   110 |     8 |       ||   178
       Headbutt          |     5 |    16 |    48 |   150 ||   219
       Quarterstaff      |       |       |   176 |   532 ||   708
 Fire: Hunting sling     |     5 |    44 |    51 |       ||   100
Throw: Boomerang         |       |       |    20 |    57 ||    77
       Dart              |       |       |       |    69 ||    69
       Javelin           |       |       |       |    20 ||    20
       Throwing net      |       |       |       |     4 ||     4
Invok: Depart the Abyss  |     1 |       |       |       ||     1
       Bend Space        |       |     3 |     1 |    14 ||    18
Evoke: Wand              |       |       |     5 |    19 ||    24
       Condenser vane    |       |       |       |     1 ||     1
  Use: Scroll            |     3 |       |    12 |    12 ||    27
       Potion            |       |       |       |     5 ||     5
 Stab: Sleeping          |       |       |     6 |     6 ||    12
       Confused          |       |       |       |     1 ||     1
       Held in net/web   |       |       |       |     2 ||     2
       Petrifying        |       |       |       |     2 ||     2
       Distracted        |       |       |       |     1 ||     1
Armor: Leather armour    |    21 |     1 |       |       ||    22
       Plate armour      |       |   117 |       |       ||   117
       Troll leather arm |       |       |    40 |   240 ||   280
Dodge: Dodged            |    35 |    52 |    85 |   350 ||   522
